Map: Ephemeron LE

Players

BlyOnFire (Bly)

  • Race: Zerg Zerg
  • League: Grandmaster
  • Spawn Location: 11:00

Special - Winner!

  • Race: Terran Terran
  • League: Master
  • Spawn Location: 5:00

Event: HomeStory Cup XX

VOD

Have the link to the VOD?

Description

Time

  • Played on: Nov. 22, 2019, 12:57 p.m.
  • Length: 11:03

All games in this series

Show
View Real Time Build Order
Export as new Build Order

BlyOnFire Zerg 

Build Orders: Pool First, Muta Ling Bane 

Get SALT Encoding   

  12  0:01  Drone  
  13  0:12  Overlord  
  13  0:17  Drone  
  14  0:31  Drone x2  
  16  0:38  Drone  
  17  0:45  Spawning Pool  
  17  0:49  Drone  
  17  1:01  Drone  
  18  1:12  Hatchery  
  18  1:17  Extractor  
  16  1:20  Drone  
  17  1:32  Zergling x4  
  19  1:33  Queen  
  19  1:39  Overlord  
  21  1:49  Drone  
  22  2:02  Drone  
  22  2:04  Extractor  
  22  2:15  Drone  
  24  2:23  Metabolic Boost, Hatchery  
  23  2:31  Queen  
  25  2:41  Drone x2  
  27  2:45  Drone x3  
  27  2:48  Drone  
  31  2:53  Drone  
  32  3:01  Overlord  
  31  3:08  Drone  
  31  3:09  Drone x2  
  31  3:12  Drone  
  34  3:19  Queen  
  36  3:21  Drone  
  36  3:22  Drone  
  38  3:29  Queen  
  38  3:31  Zergling x4  
  42  3:34  Zergling x2  
  43  3:43  Drone x5  
  43  3:47  Drone x2  
  50  3:54  Overlord  
  50  4:07  Overlord  
  50  4:09  Overlord  
  50  4:17  Overlord  
  50  4:22  Overlord  
  50  4:24  Queen x2  
  50  4:27  Drone x4  
  50  4:29  Drone x4, Evolution Chamber  
  61  4:31  Evolution Chamber  
  61  4:34  Drone x3  
  61  4:43  Overlord  
  61  4:44  Overlord  
  61  4:46  Drone x3  
  61  4:49  Zergling x8  
  68  4:54  Extractor x2  
  68  4:55  Zerg Ground Armor Level 1  
  68  4:59  Zergling x6  
  69  5:05  Lair  
  69  5:12  Drone  
  70  5:15  Drone x3  
  70  5:16  Drone x3  
  70  5:21  Zergling x10  
  81  5:28  Zerg Melee Weapons Level 1, Extractor  
  81  5:29  Drone  
  81  5:32  Extractor  
  80  5:43  Drone  
  80  5:44  Drone x2, Baneling Nest  
  80  5:46  Hatchery, Overlord  
  80  5:47  Hatchery  
  80  5:50  Drone x2  
  80  5:53  Overlord  
  82  6:04  Overlord x3  
  82  6:11  Extractor  
  80  6:12  Zergling x18  
  89  6:19  Zergling x2  
  90  6:26  Zergling x10  
  90  6:27  Centrifical Hooks, Spire  
  92  6:39  Zergling x14  
  92  6:50  Zergling x2  
  92  6:51  Zergling x4  
  94  6:56  Zergling x2  
  94  6:57  Zergling x6  
  98  7:04  Zergling x16  
  102  7:19  Zergling x10  
  102  7:22  Baneling x9  
  104  7:24  Zergling x10  
  105  7:30  Zergling x4  
  105  7:33  Zerg Ground Armor Level 2  
  108  7:42  Baneling x12  
  106  7:45  Drone x5  
  106  7:46  Hatchery, Drone  
  106  7:50  Drone x2  
  109  8:11  Drone x4  
  97  8:30  Zerg Melee Weapons Level 2  
  97  8:34  Mutalisk x10  
  116  8:51  Mutalisk x3  
  116  8:55  Overlord x3  
  122  8:56  Zergling x10  
  125  9:17  Mutalisk x3  
  125  9:18  Mutalisk  
  125  9:20  Zergling x22  
  144  9:35  Hatchery  
  141  9:44  Drone x3  
  140  9:52  Mutalisk x4  
  140  9:54  Overlord  
  142  10:13  Overseer  
  142  10:14  Baneling  
  142  10:15  Baneling x7  
  142  10:19  Hatchery  
  142  10:20  Zergling x32  
  151  10:41  Overlord  
  157  10:44  Overlord x2  
Show
View Real Time Build Order
Export as new Build Order

Special Terran - Winner!

Build Orders: Reaper Expand 

Get SALT Encoding   

  12  0:00  SCV  
  13  0:12  SCV  
  14  0:17  Supply Depot  
  14  0:25  SCV  
  15  0:38  SCV  
  15  0:40  Barracks  
  16  0:43  Refinery  
  16  0:51  SCV  
  17  1:03  SCV  
  18  1:15  SCV  
  19  1:27  Orbital Command  
  19  1:28  Reaper  
  20  1:39  Command Center  
  20  1:48  Supply Depot  
  20  1:53  SCV  
  21  1:59  Marine  
  22  2:05  Factory  
  22  2:09  SCV  
  22  2:17  Refinery  
  22  2:20  Bunker  
  22  2:22  Barracks Reactor  
  22  2:26  SCV  
  23  2:38  SCV  
  24  2:50  SCV  
  24  2:51  Factory Tech Lab  
  25  2:55  Orbital Command  
  25  2:59  Marine x2  
  25  3:02  SCV  
  28  3:09  Cyclone  
  31  3:16  Starport  
  31  3:20  SCV x2  
  31  3:23  Marine  
  31  3:26  Marine  
  35  3:32  SCV x2  
  37  3:37  Supply Depot  
  37  3:42  Siege Tank  
  37  3:46  SCV x2  
  37  3:47  Marine  
  43  3:49  Marine  
  44  3:55  Medivac  
  44  3:59  SCV x2  
  48  4:05  Marine  
  48  4:07  Marine  
  48  4:08  Supply Depot  
  49  4:13  SCV x2  
  51  4:25  SCV  
  51  4:27  Command Center  
  52  4:31  SCV  
  52  4:35  Barracks  
  52  4:37  Marine  
  52  4:38  Stimpack  
  54  4:44  Starport Reactor, Factory Reactor, Barracks  
  54  4:47  SCV  
  54  4:48  SCV  
  56  4:55  Marine  
  56  4:59  SCV  
  58  5:00  SCV  
  58  5:02  Supply Depot  
  59  5:09  Engineering Bay  
  59  5:11  SCV  
  59  5:12  Engineering Bay, SCV  
  61  5:16  Marine  
  62  5:23  SCV  
  62  5:24  SCV  
  62  5:27  Starport Reactor  
  64  5:36  Refinery, SCV x2  
  64  5:37  Refinery, Factory Tech Lab, Marine  
  64  5:38  Marine x4  
  64  5:40  Terran Infantry Weapons Level 1  
  64  5:41  Terran Infantry Armor Level 1  
  71  5:44  Orbital Command  
  71  5:50  Medivac  
  71  5:52  Medivac  
  71  5:55  Marine x3  
  78  5:57  SCV  
  78  5:58  SCV  
  78  5:59  Marine  
  78  6:02  Marine  
  82  6:10  SCV  
  83  6:13  Marine  
  83  6:14  SCV  
  85  6:19  Supply Depot x2, Siege Tank  
  85  6:21  Combat Shield  
  85  6:23  Orbital Command  
  88  6:26  Marine x4  
  88  6:30  SCV  
  93  6:40  Marine, SCV  
  93  6:42  SCV  
  93  6:43  Marine, Barracks  
  93  6:44  Supply Depot, Barracks  
  97  6:50  SCV  
  97  6:51  Siege Tank  
  97  6:52  Medivac, SCV  
  104  6:54  SCV  
  104  6:57  Marine x3  
  104  6:58  Marine  
  109  7:06  Medivac, SCV x3  
  112  7:18  Marine x2  
  106  7:24  SCV  
  106  7:26  Marine x2  
  106  7:28  SCV  
  103  7:32  Siege Tank  
  103  7:33  Marine  
  103  7:36  Marine x2, Medivac x2, SCV  
  114  7:39  Barracks Reactor x2  
  112  7:46  SCV  
  113  7:52  Marine x2  
  113  7:53  Marine  
  113  7:54  Marine  
  117  7:58  Orbital Command  
  117  8:01  Liberator  
  117  8:05  Armory  
  117  8:06  Supply Depot  
  117  8:12  Marine  
  117  8:15  Liberator  
  117  8:18  Marine x2, SCV  
  117  8:22  SCV  
  117  8:25  Supply Depot  
  117  8:26  Siege Tank  
  116  8:27  SCV  
  116  8:30  SCV  
  122  8:34  SCV  
  122  8:36  Marine x3  
  122  8:38  Marine  
  125  8:46  Marine x3, Supply Depot, SCV x3  
  131  8:52  Marine  
  131  8:53  Marine  
  133  9:03  Supply Depot  
  133  9:04  Supply Depot  
  133  9:07  Marine x3, Supply Depot  
  133  9:08  Siege Tank, SCV x2  
  140  9:13  Marine  
  126  9:19  SCV  
  126  9:20  Marine x5, SCV  
  133  9:25  Marine  
  133  9:27  Refinery, Missile Turret  
  133  9:29  Marine x2, Missile Turret  
  136  9:31  Marine  
  136  9:37  Supply Depot  
  136  9:38  Marine x5, Factory  
  138  9:43  Marine  
  139  9:47  Marine x2  
  139  9:49  Marine  
  139  9:53  Supply Depot  
  139  9:54  Siege Tank  
  139  9:56  Marine x5  
  139  9:58  Command Center  
  141  10:01  Marine  
  141  10:02  Missile Turret  
  141  10:03  Missile Turret  
  141  10:04  Marine  
  141  10:05  Marine, Medivac x2  
  145  10:07  Marine  
  145  10:10  Missile Turret  
  145  10:13  Marine  
  145  10:14  Marine x4  
  148  10:15  Refinery  
  148  10:16  Sensor Tower  
  148  10:19  Marine  
  152  10:22  Marine x2  
  152  10:23  Factory Reactor  
  152  10:25  Marine  
  152  10:28  SCV x3  
  157  10:31  Marine x3  
  163  10:39  Marine  
  163  10:40  Marine  
Tags
 
Add a new tag
Caveats
  • Supply blocks, unpowered buildings, or Contaminate may cause inaccurate times.
  • Supply counts are checked every 10 seconds.